 Dungeon Crawl Stone Soup version 0.26-a0-597-gb535b0901c (webtiles) character file.

Game seed: 6441882249312849959

1486 Lanoc the Frost Mage (level 8, -6/52 HPs)
             Began as a Demonspawn Ice Elementalist on Sept 2, 2020.
             Was an Initiate of Ashenzari.
             Killed by divine providence
             ... invoked by an orc priest
              (12 damage)
             ... on level 6 of the Dungeon.
             The game lasted 00:08:31 (6692 turns).

Lanoc the Frost Mage (Demonspawn Ice Elementalist)  Turns: 6692, Time: 00:08:31

Health: -6/52      AC:  5    Str:  8    XL:     8   Next: 50%
Magic:  4/11       EV: 17    Int: 19    God:    Ashenzari [......]
Gold:   346        SH:  0    Dex: 14    Spells: 4/11 levels left

rFire    . . .     SeeInvis .   v - +3 quarterstaff (chaos) (curse)
rCold    . . .     Faith    .   (shield currently unavailable)
rNeg     . . .     Spirit   .   a - +0 robe
rPois    +         Reflect  .   (helmet restricted)
rElec    .         Harm     .   w - +0 cloak
rCorr    .                      c - +1 pair of gloves
MR       .....                  (no boots)
Stlth    ++........             (no amulet)
HPRegen  0.17/turn              g - ring of poison resistance
MPRegen  0.12/turn              (no ring)

@: frozen ramparts
A: antennae 1, repulsion field 1
a: Curse Item, Renounce Religion


You were on level 6 of the Dungeon.
You worshipped Ashenzari.
Ashenzari was noncommittal.
You visited 2 branches of the dungeon, and saw 7 of its levels.

You collected 346 gold pieces.

Inventory:

Hand Weapons
 k - a +2 dagger of speed
 v - a cursed +3 quarterstaff of chaos (weapon)
Armour
 a - a +0 robe (worn)
 c - a +1 pair of gloves (worn)
 w - a +0 cloak (worn)
Jewellery
 g - a ring of poison resistance (left hand)
Wands
 r - a wand of flame (20)
 x - a wand of iceblast (6)
Scrolls
 b - a scroll of identify
 d - 3 scrolls of magic mapping {unknown}
 e - a scroll of enchant weapon {unknown}
 f - 5 scrolls of amnesia {unknown}
 i - 5 scrolls of remove curse
 m - 2 scrolls of fear {unknown}
 o - 2 scrolls of teleportation {unknown}
 q - 2 scrolls of enchant armour {unknown}
 s - a scroll of immolation {unknown}
Potions
 h - 7 potions of curing
 j - a potion of stabbing
 n - a potion of cancellation
 p - a potion of lignification
 t - 3 potions of heal wounds {unknown}
 u - a potion of might {unknown}
 z - a potion of flight {unknown}


   Skills:
 + Level 5.8 Dodging
 - Level 1.7 Stealth
 - Level 2.0 Spellcasting
 * Level 8.8 Ice Magic


You had 4 spell levels left.
You knew the following spells:

 Your Spells              Type           Power        Failure   Level
a - Freeze                Ice            ####         1%          1
b - Frozen Ramparts       Ice            #####.       1%          3
c - Ozocubu's Armour      Ice            #####...     1%          3

Your spell library contained the following spells:

 Spells                   Type           Power        Failure   Level
 Hailstorm                Conj/Ice       ###.....     26%         4
 Summon Ice Beast         Ice/Summ       ###.....     26%         4


Dungeon Overview and Level Annotations

Branches:
Dungeon (6/15)             Temple (1/1) D:6

Altars:
Ashenzari
Cheibriados
Dithmenos
Elyvilon
Fedhas
Gozag
Hepliaklqana
Kikubaaqudgha
Makhleb
Nemelex Xobeh
Okawaru
Qazlal
Ru
Sif Muna
Trog
Uskayaw
Vehumet
Xom
Zin


Innate Abilities, Weirdness & Mutations

You have a pair of small antennae on your head.
You are surrounded by a mild repulsion field. (EV +2)


Message History

As you read the scroll of identify, it crumbles to dust.
p - a potion of lignification Drop what? 25/52 slots (_ for help) (? for menu, Esc to quit)
You drop 2 potions of degeneration.
You drop a wand of flame (20).
r - a wand of flame (20)
An orc priest comes into view.
You start resting.
An orc priest is nearby!
Casting: Frozen Ramparts (safe; 1% risk of failure)
Confirm with . or Enter, or press ? or * to list all spells.
The walls around you are covered in ice.
The wall freezes the orc priest!
The orc priest mumbles some strange prayers to Beogh against you.
Beogh smites you!
* * * LOW HITPOINT WARNING * * *
The wall freezes the orc priest.
The orc priest calls down the wrath of Beogh upon you.
Beogh smites you!
You die...

#.#:. ##### #. #.#.#
....##### #.# #.#.# #
........# #.# ###.#.#
.## ###.###.# ..#
#.....# ...# #.# #.#
#.# #.#.#.## ..... #.#
#.# #.#
#.#....###...#.. ###.#
#.#
#.###.#.!..).)).....
....# #.#
#....@.).[.###)../..
##### #.# #.###.###o##
..... #.# #.# #.# #.#
.... ## ##.## #.# #.#
#.# .r# .#####...###.#
#.# #.. .o
.......#[.##.# #.###.o
# ######....##.#
...##.##
..........##†#.....#.#
#####..<..........


You could see an orc priest.

Vanquished Creatures
  Eustachio (D:5)
  A water moccasin (D:6)
  A black bear (D:4)
  An ice beast (D:5)
  2 orc warriors (D:6)
  2 ogres
  2 bullfrogs (D:6)
  A howler monkey (D:6)
  Crazy Yiuf (D:5)
  A hound (D:3)
  A jelly (D:5)
  An orc priest (D:3)
  2 orc wizards
  An iguana (D:4)
  2 worker ants
  A hound zombie (D:5)
  A worker ant zombie (D:6)
  3 gnolls (D:4)
  A howler monkey skeleton (D:5)
  9 adders
  4 worms
  An adder skeleton (D:4)
  4 dart slugs
  A leopard gecko (D:6)
  26 orcs
  A giant cockroach (D:3)
  6 goblins
  6 hobgoblins
  18 jackals
  7 kobolds
  2 quokkas
  2 ball pythons (D:3)
  5 bats
  4 frilled lizards
  A quokka skeleton (D:4)
  A quokka zombie (D:5)
  4 rats
128 creatures vanquished.

Vanquished Creatures (others)
  2 plants (D:2)
2 creatures vanquished.

Grand Total: 130 creatures vanquished

Notes
Turn   | Place    | Note
-------+----------+-------------------------------------------
     0 | D:1      | Lanoc the Demonspawn Ice Elementalist began the quest for
                  | the Orb.
     0 | D:1      | Reached XP level 1. HP: 13/13 MP: 3/3
   273 | D:1      | Gained mutation: You are surrounded by a mild repulsion
                  | field. (EV +2) [demonic ancestry]
   273 | D:1      | Reached XP level 2. HP: 18/19 MP: 0/5
   295 | D:1      | Reached skill level 4 in Ice Magic
   842 | D:2      | Found a shadowy altar of Dithmenos.
   846 | D:2      | Found an ancient bone altar of Kikubaaqudgha.
   860 | D:2      | Reached XP level 3. HP: 12/24 MP: 2/6
  1271 | D:2      | Learned a level 3 spell: Frozen Ramparts
  1774 | D:2      | Gained mutation: You have a pair of small antennae on your
                  | head. [demonic ancestry]
  1774 | D:2      | Reached XP level 4. HP: 30/30 MP: 7/7
  1847 | D:2      | Found a hide-covered altar of Uskayaw.
  2372 | D:3      | Reached skill level 5 in Ice Magic
  2770 | D:3      | Found a burning altar of Makhleb.
  2778 | D:3      | Reached XP level 5. HP: 28/35 MP: 4/8
  3500 | D:4      | Learned a level 3 spell: Ozocubu's Armour
  3715 | D:4      | Noticed an ogre
  3715 | D:4      | Reached XP level 6. HP: 41/41 MP: 5/9
  3727 | D:4      | Reached skill level 6 in Ice Magic
  4039 | D:4      | Found a bloodstained altar of Trog.
  4308 | D:4      | Reached XP level 7. HP: 29/46 MP: 6/10
  4679 | D:5      | Entered Level 5 of the Dungeon
  4700 | D:5      | Noticed Eustachio
  4716 | D:5      | Killed Eustachio
  4716 | D:5      | Reached skill level 7 in Ice Magic
  5317 | D:5      | Reached skill level 5 in Dodging
  5801 | D:5      | Found a runed translucent door.
  5802 | D:5      | Noticed Crazy Yiuf
  5982 | D:5      | Killed Crazy Yiuf
  6076 | D:6      | Reached XP level 8. HP: 45/52 MP: 7/11
  6077 | D:6      | Reached skill level 8 in Ice Magic
  6138 | D:6      | Found a staircase to the Ecumenical Temple.
  6169 | Temple   | Entered the Ecumenical Temple
  6470 | Temple   | Became a worshipper of Ashenzari the Shackled
  6692 | D:6      | Killed from afar by an orc priest

Illustrated notes

Levels and vault maps discovered:
D:1:      nicolae_arrival_memento_mori, layout_basic, grunt_decor_one_mirror,
          minmay_fountain_box
D:2:      cheibrodos_old_hovel, layout_basic, lemuel_coloured_pillars_altar,
          grunt_temple_overflow_open
D:3:      layout_loops_ring, makhleb_heckhound_becter
D:4:      black_bear_nest_1, layout_basic, lightli_temple_of_fire
D:5:      layout_loops_ring, uniq_crazy_yiuf_cottage, uniq_eustachio
D:6:      layout_loops_ring, minmay_temple_entry_junction
Temple:   regret_index_temple_waves

Skill      XL: |  1  2  3  4  5  6  7  8 |
---------------+-------------------------+-----
Dodging        | 2 3 4 5 |  5.8
Ice Magic      | 4 5 6 7 8 |  8.8
Stealth        | |  1.7
Spellcasting   | |  2.0

Action                   |  1- 3 |  4- 6 |  7- 9 || total
-------------------------+-------+-------+-------++-------
Melee: Unarmed           |    26 |       |       ||    26
       Dagger            |    62 |   122 |    82 ||   266
       Quarterstaff      |       |       |    25 ||    25
 Cast: Freeze            |    53 |     2 |     3 ||    58
       Frozen Ramparts   |     1 |    18 |    22 ||    41
       Ozocubu's Armour  |       |       |     1 ||     1
Invok: Curse Item        |       |       |     1 ||     1
  Use: Scroll            |       |       |     5 ||     5
 Stab: Sleeping          |     1 |     2 |     1 ||     4
Armor: Robe              |    31 |    12 |    16 ||    59
Dodge: Dodged            |   104 |    52 |    66 ||   222

Table legend: (Time is in decaauts)
 A = Elapsed time spent in this place.
 B = Non-inter-level travel time spent in this place.
 C = Inter-level travel time spent in this place.
 D = Time resting spent in this place.
 E = Time spent auto-exploring this place.
 F = Levels seen in this place.
 G = Mean time per level.
                   A        B        C        D        E       F      G
               +--------+--------+--------+--------+--------+-----+--------+
         Total |   6615 |   6396 |    219 |      7 |   5448 |   7 |  945.0 |
       Dungeon |   6279 |   6086 |    193 |      7 |   5147 |   6 | 1046.5 |
        Temple |    335 |    309 |     26 |      0 |    301 |   1 |  335.0 |
               +--------+--------+--------+--------+--------+-----+--------+

Top non-repeatable levels by time:
     D:2: 1537 daAuts
     D:3: 1337 daAuts
     D:5: 1318 daAuts
     D:4: 1305 daAuts
     D:1: 481 daAuts
  Temple: 335 daAuts
     D:6: 300 daAuts
